 Dungeon Crawl Stone Soup version 0.13.0-15-g9204fa6 (webtiles) character file.

14947 Kejsarherre the Severer (level 12, 0/97 HPs)
             Began as a Hill Orc Wanderer on Oct 20, 2013.
             Was a Follower of the Shining One.
             Slain by a slime creature (16 damage)
             ... on Level 11 of the Dungeon.
             The game lasted 00:49:19 (12911 turns).

Kejsarherre the Severer (Hill Orc Wanderer)        Turns: 12911, Time: 00:49:19

HP   0/97        AC 14     Str 19      XL: 12   Next: 14%
MP  12/12        EV 11     Int 15      God: the Shining One [*.....]
Gold 676         SH  0     Dex 10      Spells:  0 memorised, 11 levels left

Res.Fire  : . . .   See Invis. : .   a - +1,+3 orc hand axe
Res.Cold  : . . .   Warding    : .   z - +0 orc ring mail
Life Prot.: . . .   Conserve   : +   (no shield)
Res.Poison: .       Res.Corr.  : +   e - +1 wizard hat
Res.Elec. : .       Clarity    : +   C - +1 cloak {rCorr, Cons} (curse)
Sust.Abil.: . .     Spirit.Shd : .   (no gloves)
Res.Mut.  : .       Stasis     : .   o - +2 pair of dwarf boots
Res.Rott. : .       Flight     : .   t - amulet of clarity
Saprovore : + . .                    (no ring)
                                     (no ring)

@: glowing, somewhat resistant to hostile enchantments, extremely unstealthy
A: -10% mp, saprovore 1, Int +2
a: Renounce Religion


You were on level 11 of the Dungeon.
You worshipped the Shining One. the Shining One was aware of your devotion.
You were not hungry.

You visited 2 branches of the dungeon, and saw 13 of its levels.

You collected 855 gold pieces.
You spent 229 gold pieces at shops.

Inventory:

Hand weapons
 a - a +1,+3 orcish hand axe (weapon)
Missiles
 h - 4 steel javelins (quivered)
Armour
 e - a +1 wizard hat (worn)
 o - a +2 pair of dwarven boots (worn)
 z - a +0 orcish ring mail (worn)
 C - a cursed +1 cloak of preservation (worn)
Magical devices
 k - a wand of slowing (7)
 n - a wand of flame (14)
 v - a wand of cold (13)
 B - a wand of digging (11)
 D - a wand of slowing (11)
 E - a wand of frost (2)
Comestibles
 j - 5 bread rations
 q - 4 rotting chunks of yak flesh
 H - 2 meat rations
 J - 2 apples
Scrolls
 c - 10 scrolls of remove curse
 d - 2 scrolls of magic mapping
 g - a scroll of amnesia
 l - 3 scrolls of teleportation
 L - 2 scrolls of fear
 M - a scroll of fog
Jewellery
 t - an amulet of clarity (around neck)
 I - an uncursed amulet of resist corrosion
Potions
 b - a potion of confusion {unknown}
 f - 5 potions of brilliance
 i - a potion of restore abilities
 m - a potion of might {unknown}
 p - 5 potions of curing
 u - a potion of magic
 K - a potion of speed {unknown}
Books
 y - a book of Changes

   Spells                             Type                      Level
   Beastly Appendage                  Transmutation                1
   Sticks to Snakes                   Transmutation                2
   Spider Form                        Transmutation/Poison         3
   Ice Form                           Ice/Transmutation            4
   Blade Hands                        Transmutation                5
 F - a book of Summonings

   Spells                             Type                      Level
   Abjuration                         Summoning                    3
   Recall                             Summoning/Translocation      3
   Summon Elemental                   Summoning                    4
   Shadow Creatures                   Summoning                    5
   Summon Demon                       Summoning                    5
   Summon Ugly Thing                  Summoning                    6
Miscellaneous
 s - a lamp of fire (inert)


   Skills:
 - Level 9.6 Fighting
 + Level 17.1 Axes
   Level 1.0 Crossbows
 - Level 7.9 Armour
 - Level 6.8 Dodging
 - Level 1.5 Stealth
   Level 1.1 Shields
 - Level 1.0 Evocations


You had 11 spell levels left.
You didn't know any spells.

Dungeon Overview and Level Annotations

Branches:
Dungeon (12/27)            Temple (1/1) D:6             Orc (0/4) D:6
   Lair (0/8) D:9

Altars:
Ashenzari
Cheibriados
Elyvilon
Fedhas
Kikubaaqudgha
Makhleb
Nemelex Xobeh
Okawaru
Sif Muna
Trog
Vehumet
Xom
Yredelemnul
Zin
the Shining One
Beogh

Shops:
D:7 +   D:10 *}(   D:12 ?

Annotations:
D:7 Dowan, Duvessa
D:12 Nessos


Innate Abilities, Weirdness & Mutations

You can tolerate rotten meat.
Your mind is acute. (Int +2)
Your magical capacity is low (-10% MP).


Message History

You are too injured to fight recklessly!
You are too injured to fight recklessly!
You are too injured to fight recklessly!
You are too injured to fight recklessly!
You slash the slime creature!
The slime creature is lightly wounded.
The slime creature hits you.
* * * LOW HITPOINT WARNING * * *
You hit the slime creature.
The slime creature is lightly wounded.
You slash the slime creature!
The slime creature is moderately wounded.
The slime creature hits you!
* * * LOW HITPOINT WARNING * * *
Drink which item? (? for menu, Esc to quit)
Okay, then.
Drink which item? (? for menu, Esc to quit)
Okay, then.
The slime creature hits you!
You die...

#.#.##.##.......##.#.####..###
....##.##.##.##..............#
#.####.##.##.#####.#.####..#.#
#.####.##.##.......#.####..#.#
#......#..##########.......#.#
########.###################.#
# #........##.>.....# #.#
#####..#.##..##.J>..?.# #.#
.......#........@.(...# #.#
......................# ###.#
.......####...........# #...#
#####.........#.......# #..)#
# #########.#.......# #...# #
#.######### ##.## # ##.#####
#.# # #.#....#########.# #
#..#.#.#.......#.#


You could see a slime creature.

Vanquished Creatures
  Harold (D:12)
  Urug (D:10)
  Erolcha (D:12)
  An unseen horror (D:11)
  2 hill giants
  A cyclops (D:12)
  Maurice (D:8)
  The ghost of inmateoo the Chopper, an experienced HOSu (D:5)
  2 trolls (D:12)
  6 slime creatures
  A wraith (D:12)
  A dragon skeleton (D:11)
  A wyvern (D:11)
  A hill giant zombie (D:11)
  5 yaks (D:12)
  Grum (D:8)
  2 hippogriffs
  2 wolves (D:9)
  A hill giant skeleton (D:10)
  2 manticores
  A steam dragon (D:12)
  A soldier ant (D:10)
  6 ice beasts
  5 ogres
  2 necrophages
  5 phantoms
  3 sky beasts
  3 orc warriors (D:10)
  A centaur (D:5)
  The ghost of Scotch the Sneak, an average MfSu (D:4)
  Sigmund (D:3)
  2 giant frogs
  Blork the orc (D:7)
  A wyvern zombie (D:12)
  A water moccasin (D:9)
  13 killer bees
  3 yak skeletons
  13 crimson imps
  2 goliath beetles
  13 hounds
  3 jellies
  2 gnoll shamans
  3 orc priests
  4 worker ants
  An orange rat (D:9)
  4 scorpions
  3 iguanas
  7 orc wizards
  2 sky beast zombies
  A mummy (D:12)
  3 green rats (D:9)
  9 adders
  2 giant centipedes
  2 giant mites
  An inept item mimic (D:6)
  10 gnolls
  A shadow imp (D:4)
  5 worms
  A scorpion zombie (D:5)
  4 grey rats (D:9)
  3 giant eyeballs
  4 giant geckos
  3 oozes (D:2)
  50 orcs
  6 giant cockroaches
  10 goblins
  14 hobgoblins
  3 quokkas
  11 bats
  3 giant newts
  A giant spore (D:8)
  2 hobgoblin skeletons
  20 jackals
  19 kobolds
  A kobold skeleton (D:7)
  A kobold zombie (D:5)
  26 rats
  A rat skeleton (D:4)
  A ballistomycete (D:8)
  A fungus (D:8)
360 creatures vanquished.

Notes
Turn   | Place    | Note
--------------------------------------------------------------
     0 | D:1      | Kejsarherre, the Hill Orc Wanderer, began the quest for the Orb.
     0 | D:1      | Reached XP level 1. HP: 15/15 MP: 1/1
    67 | D:1      | Reached skill level 3 in Fighting
   167 | D:1      | Reached XP level 2. HP: 19/22 MP: 2/2
   534 | D:2      | Reached skill level 4 in Fighting
   534 | D:2      | Reached XP level 3. HP: 8/28 MP: 3/3
  1025 | D:2      | Found a white marble altar of Elyvilon.
  1040 | D:2      | Reached XP level 4. HP: 34/36 MP: 4/4
  1042 | D:2      | Reached skill level 5 in Fighting
  1402 | D:3      | Found a glowing silver altar of Zin.
  1428 | D:3      | Noticed Sigmund
  1556 | D:2      | Gained mutation: You are resistant to hostile enchantments. [potion of mutation]
  1556 | D:2      | Gained mutation: You have a fast metabolism. [potion of mutation]
  1556 | D:2      | Gained mutation: You have a pair of small horns on your head. [potion of mutation]
  1859 | D:3      | Gained mutation: Your magical capacity is low (-10% MP). [potion of mutation]
  1859 | D:3      | Gained mutation: You have a very fast metabolism. [potion of mutation]
  1859 | D:3      | Gained mutation: Your mind is acute. (Int +2) [potion of mutation]
  2157 | D:3      | Killed Sigmund
  2157 | D:3      | Reached skill level 1 in Axes
  2157 | D:3      | Reached XP level 5. HP: 8/42 MP: 4/4
  2417 | D:4      | Reached XP level 6. HP: 38/50 MP: 6/6
  2613 | D:4      | Noticed Scotch's ghost (average MfSu)
  2627 | D:4      | Killed Scotch's ghost
  2627 | D:4      | Reached skill level 5 in Axes
  2627 | D:4      | Reached XP level 7. HP: 45/56 MP: 7/7
  2906 | D:4      | Noticed a phantom
  2914 | D:4      | Noticed an ogre
  2961 | D:3      | Killed a phantom
  2961 | D:3      | Reached skill level 6 in Axes
  3091 | D:4      | Killed an ogre
  3091 | D:4      | Reached skill level 7 in Axes
  3128 | D:4      | Noticed a phantom
  3145 | D:4      | Killed a phantom
  3145 | D:4      | Reached skill level 8 in Axes
  3250 | D:5      | Entered Level 5 of the Dungeon
  3456 | D:5      | Reached skill level 9 in Axes
  3456 | D:5      | Reached XP level 8. HP: 63/63 MP: 8/8
  3643 | D:5      | Noticed inmateoo's ghost (experienced HOSu)
  3676 | D:5      | Killed inmateoo's ghost
  3676 | D:5      | Reached skill level 10 in Axes
  3752 | D:5      | Paralysed by a giant eyeball for 4 turns
  3758 | D:5      | Paralysed by a giant eyeball for 4 turns
  3852 | D:5      | Reached skill level 11 in Axes
  4236 | D:5      | Found a burning altar of Makhleb.
  4236 | D:5      | Noticed a cacodemon
  4299 | D:6      | Reached skill level 12 in Axes
  4410 | D:6      | Found a staircase to the Ecumenical Temple.
  4418 | Temple   | Entered the Ecumenical Temple
  4442 | Temple   | Became a worshipper of the Shining One
  4459 | D:6      | Gained mutation: You are frail (-10% HP). [potion of mutation]
  4459 | D:6      | Lost mutation: You have a pair of small horns on your head. [potion of mutation]
  4487 | D:6      | Lost mutation: You have a very fast metabolism. [potion of cure mutation]
  4487 | D:6      | Lost mutation: You have a fast metabolism. [potion of cure mutation]
  4487 | D:6      | Lost mutation: You are frail (-10% HP). [potion of cure mutation]
  4487 | D:6      | Lost mutation: You are resistant to hostile enchantments. [potion of cure mutation]
  4581 | D:6      | Reached XP level 9. HP: 47/70 MP: 9/9
  4591 | D:6      | Found a staircase to the Orcish Mines.
  4716 | D:6      | Found an ancient bone altar of Kikubaaqudgha.
  4835 | D:7      | Found Bischuow's Book Boutique.
  4930 | D:7      | Reached skill level 13 in Axes
  5489 | D:7      | Noticed Duvessa
  5489 | D:7      | Noticed Dowan
  5510 | D:7      | HP: 1/70 [Duvessa/wand of magic darts (10)]
  5714 | D:7      | Noticed Blork the orc
  5722 | D:7      | Killed Blork the orc
  5722 | D:7      | Reached skill level 14 in Axes
  5833 | D:8      | Noticed Maurice
  5851 | D:8      | Killed Maurice
  5999 | D:8      | Reached skill level 15 in Axes
  6370 | D:8      | Reached XP level 10. HP: 61/78 MP: 9/9
  6623 | D:8      | Acquired the Shining One's first power
  6990 | D:9      | Found a staircase to the Lair.
  7105 | D:9      | Noticed Grum
  7124 | D:9      | Reached skill level 5 in Armour
  7638 | D:8      | Killed Grum
  8257 | D:10     | Entered Level 10 of the Dungeon
  8320 | D:10     | Noticed a hill giant
  8392 | D:10     | Killed a hill giant
  8441 | D:10     | Found Bluag Sajaci's Gadget Shop.
  8531 | D:10     | Found Hoighirgh's Assorted Antiques.
  8765 | D:10     | Bought a scroll labeled JOJ CHAIXTEDE for 29 gold pieces
  8765 | D:10     | Bought a potion of heal wounds for 87 gold pieces
  8765 | D:10     | Bought a glowing cyan potion for 26 gold pieces
  8765 | D:10     | Bought a glowing cloak for 29 gold pieces
  8765 | D:10     | Bought a scroll of identify for 58 gold pieces
  8772 | D:10     | Identified a +0 cloak of preservation (You bought it in a shop on level 10 of the Dungeon)
  9084 | D:10     | Found Udwoi's Weapon Boutique.
  9145 | D:10     | Reached XP level 11. HP: 56/86 MP: 10/10
  9215 | D:10     | Noticed Urug
  9233 | D:10     | Killed Urug
  9233 | D:10     | Reached skill level 5 in Dodging
  9408 | D:10     | Found a roughly hewn altar of Beogh.
 10491 | D:11     | Noticed a hill giant
 10524 | D:11     | Killed a hill giant
 11020 | D:11     | Noticed an unseen horror
 11030 | D:11     | Killed an unseen horror
 11382 | D:12     | Noticed Erolcha
 11386 | D:12     | Paralysed by Erolcha for 5 turns
 11396 | D:12     | Killed Erolcha
 11751 | D:12     | Found Inlujaan's Magic Scroll Shop.
 11925 | D:12     | Noticed Harold
 11941 | D:12     | Killed Harold
 11941 | D:12     | Reached skill level 16 in Axes
 12075 | D:12     | HP: 3/90 [it/ball of steam (5)]
 12258 | D:12     | Noticed Nessos
 12500 | D:12     | Reached XP level 12. HP: 62/97 MP: 12/12
 12884 | D:12     | Reached skill level 17 in Axes
 12911 | D:11     | Slain by a slime creature

Action                   |  1- 3 |  4- 6 |  7- 9 | 10-12 || total
-------------------------+-------+-------+-------+-------++-------
Melee: Mace              |   118 |    88 |       |       ||   206
       Hand axe          |       |    79 |   497 |   811 ||  1387
       Unarmed           |       |     2 |       |       ||     2
 Fire: Blowgun           |       |    13 |       |       ||    13
Throw: Javelin           |       |    10 |    51 |    87 ||   148
       Hand axe          |       |     1 |     1 |       ||     2
Evoke: Wand              |       |       |     6 |    31 ||    37
       Miscellaneous     |       |       |       |     1 ||     1
  Use: Scroll            |       |     4 |    13 |    16 ||    33
       Potion            |       |     3 |     4 |     9 ||    16
